 Dungeon Crawl Stone Soup version 0.24-a0-179-g7a2c91a (webtiles) character file.

Game seed: 14549606848492773450

114025 Inarius the Covert (level 16, -2/109 HPs)
             Began as a Demonspawn Assassin on Mar 12, 2019.
             Was the Champion of Hepliaklqana.
             Slain by a phantasmal warrior (29 damage)
             ... led by a death knight
             ... on level 14 of the Dungeon on Mar 13, 2019.
             The game lasted 01:25:24 (37463 turns).

Inarius the Covert (Demonspawn Assassin)           Turns: 37463, Time: 01:25:25

Health: -2/109     AC: 14    Str: 16    XL:     16   Next: 15%
Magic:  21/23      EV: 20    Int: 12    God:    Hepliaklqana [******]
Gold:   1179       SH: 12    Dex: 20    Spells: 15/15 levels left

rFire    + + +     SeeInvis .   a - +3 short sword (freeze)
rCold    + + .     Gourm    .   k - +0 shield
rNeg     . . .     Faith    .   D - +0 steam dragon scales
rPois    .         Spirit   .   (helmet restricted)
rElec    .         Reflect  .   d - +1 cloak
rCorr    .         Harm     .   T - +0 pair of gloves
MR       .....                  (no boots)
Stlth    +++++++...             X - amulet of Ysaimargh {+Rage rF+ rC+ Str+4 Int-2}
HPRegen  0.28/turn              y - ring of stealth
MPRegen  0.18/turn              B - ring of protection from fire

@: vulnerable
A: reduced essence, horns 2, molten scales 3, cold resistance 1, spiny 2,
freezing cloud immunity
a: Recall Ancestor, Ancestor Identity, Transference, Idealise, Renounce
Religion, Evoke Berserk Rage


You were on level 14 of the Dungeon.
You worshipped Hepliaklqana.
Hepliaklqana was exalted by your worship.
You were not hungry.

You visited 4 branches of the dungeon, and saw 24 of its levels.
You visited 1 bazaar.
You also visited: Ossuary, Bailey and Ice Cave.

You collected 2923 gold pieces.
You spent 1744 gold pieces at shops.

Inventory:

Hand Weapons
 a - a +3 short sword of freezing (weapon)
 b - a +7 blowgun
 R - a +0 rapier of venom
Missiles
 t - 29 poisoned needles
 x - 17 curare-tipped needles
 Q - 3 needles of confusion
 U - 6 needles of frenzy
Armour
 d - a +1 cloak (worn)
 k - a +0 shield (worn)
 s - a +2 large shield
 D - +0 steam dragon scales (worn)
 T - a +0 pair of gloves (worn)
Jewellery
 q - an uncursed ring of protection from cold
 y - a ring of stealth (left hand)
 B - a ring of protection from fire (right hand)
 C - an uncursed ring of resist corrosion
 O - the ring of Ylonliej {Ice rElec Str-4 Dex+2}
   (You took it off an orc on level 12 of the Dungeon)

   [ring of ice]

   It enhances your ice magic.
   It affects your strength (-4).
   It affects your dexterity (+2).
   It makes you vulnerable to fire.
   It protects you from cold.
   It insulates you from electricity.
 X - the amulet of Ysaimargh (around neck) {+Rage rF+ rC+ Str+4 Int-2}
   (You found it in a bazaar)

   [amulet of rage]

   It affects your strength (+4).
   It affects your intelligence (-2).
   It protects you from fire.
   It protects you from cold.
   It lets you go berserk.
 Y - an uncursed ring of poison resistance
Wands
 w - a wand of paralysis (6)
 J - a wand of digging (6)
 N - a wand of flame (29)
 S - a wand of acid (3)
 W - a wand of enslavement (5)
Scrolls
 f - 4 scrolls of teleportation
 i - a scroll of summoning
 l - 2 scrolls of fear
 m - 4 scrolls of enchant armour
 r - 6 scrolls of remove curse
 v - 4 scrolls of noise
 E - 2 scrolls of fog
 H - 6 scrolls of enchant weapon
 I - 4 scrolls of blinking
 K - 3 scrolls of immolation
Potions
 e - 3 potions of flight
 h - 7 potions of heal wounds
 j - 8 potions of curing
 n - 4 potions of mutation
 o - 3 potions of might
 p - 6 potions of agility
 u - a potion of resistance
 z - 8 potions of lignification
 A - 2 potions of brilliance
 F - a potion of cancellation
 L - 8 potions of haste
 M - a potion of berserk rage
 V - a potion of ambrosia {unknown}
 Z - 2 potions of magic
Miscellaneous
 G - a fan of gales
 P - a sack of spiders
Comestibles
 g - 44 rations


   Skills:
 + Level 10.2 Fighting
 + Level 12.4 Short Blades
 + Level 3.4 Throwing
 + Level 7.4 Armour
 + Level 10.6 Dodging
 + Level 13.2 Stealth
 + Level 9.7 Shields
 * Level 9.5 Invocations
 + Level 8.9 Evocations


You had 15 spell levels left.
You didn't know any spells.
Your spell library contained the following spells:

 Spells                   Type           Power        Failure   Level  Hunger
 Animate Skeleton         Necr           N/A          54%         1    ##.....
 Confusing Touch          Hex            #.....       54%         1    ##.....
 Pain                     Necr           #...         54%         1    ##.....
 Summon Butterflies       Summ           #.......     54%         1    ##.....
 Corpse Rot               Necr           N/A          67%         2    ###....
 Shroud of Golubria       Chrm/Tloc      #.........   67%         2    ###....
 Sublimation of Blood     Necr           #.........   67%         2    ###....
 Call Canine Familiar     Summ           #.......     88%         3    ####...
 Confuse                  Hex            #.......     88%         3    ####...
 Gell's Gravitas          Tloc           #.........   88%         3    ####...
 Inner Flame              Hex/Fire       #.......     88%         3    ####...
 Regeneration             Chrm/Necr      #.........   88%         3    ####...
 Static Discharge         Conj/Air       #.......     88%         3    ####...
 Tukima's Dance           Hex            #.......     88%         3    ####...
 Vampiric Draining        Necr           #.........   88%         3    ####...
 Animate Dead             Necr           N/A          99%         4    #####..
 Force Lance              Conj/Tloc      #.......     99%         4    #####..
 Petrify                  Tmut/Erth      #.......     99%         4    #####..
 Summon Ice Beast         Ice/Summ       #.......     99%         4    #####..
 Agony                    Necr           #.......     100%        5    ######.
 Bolt of Draining         Conj/Necr      #.........   100%        5    ######.
 Dispel Undead            Necr           #.......     100%        5    ######.
 Excruciating Wounds      Chrm/Necr      #.........   100%        5    ######.
 Lightning Bolt           Conj/Air       #.........   100%        5    ######.
 Metabolic Englaciation   Hex/Ice        #.........   100%        5    ######.
 Summon Mana Viper        Hex/Summ       #.......     100%        5    ######.
 Yara's Violent Unravell  Hex/Tmut       #.........   100%        5    ######.
 Simulacrum               Ice/Necr       #.........   100%        6    #######
 Summon Hydra             Summ           #.........   100%        7    #######
 Ignition                 Fire           #.........   100%        8    #######
 Shatter                  Erth           #.........   100%        9    #######
 Tornado                  Air            #.........   100%        9    #######


Dungeon Overview and Level Annotations

Branches:
Dungeon (15/15)            Temple (1/1) D:7            Lair (6/6) D:11
 Shoals (0/4) Lair:3       Spider (0/4) Lair:4        Slime (0/5) Lair:6
    Orc (2/2) D:9             Elf (0/3) Orc:2        Vaults (0/5) D:13
 Depths (0/5) D:15

Altars:
Ashenzari
Cheibriados
Dithmenos
Elyvilon
Fedhas
Gozag
Hepliaklqana
Kikubaaqudgha
Makhleb
Nemelex Xobeh
Okawaru
Qazlal
Ru
Sif Muna
Trog
Uskayaw
Vehumet
Wu Jian
Xom
Yredelemnul
Zin
The Shining One
Beogh

Shops:
D:5 ***?   Orc:1 *   Orc:2 :(?*

Portals:
Pandemonium: Orc:2
Trove: D:11 (lose all piety)

Annotations:
D:6 2 transporters
D:9 1 runed translucent door
D:11 3 runed translucent doors, Arthanis's ghost, journeyman GrBe
Lair:2 3 runed translucent doors, XanderDroid's ghost, journeyman MiBe
Lair:5 1 runed translucent door, Yroustr Jeul's ghost, journeyman MiBe


Innate Abilities, Weirdness & Mutations

You have a pair of horns on your head.
You are completely covered in molten scales. (AC +4, rF+)
Your flesh is cold resistant. (rC+)
You are mostly covered in sharp spines.
You are immune to freezing clouds.
Your life essence is reduced to manifest your ancestor. (-10% HP)


Message History

The phantasmal warrior barely misses you.
You climb upwards.
There is a stone staircase leading down here.
You hit the phantasmal warrior but do no damage.
The phantasmal warrior is moderately damaged.
Wenzel is recalled.
The phantasmal warrior barely misses you.
You closely miss the phantasmal warrior.
The phantasmal warrior is moderately damaged.
The phantasmal warrior hits you!!
* * * LOW HITPOINT WARNING * * *
Wenzel barely misses the phantasmal warrior.
You hit the phantasmal warrior.
The phantasmal warrior is moderately damaged.
You hit the phantasmal warrior but do no damage.
Your headbutt misses the phantasmal warrior.
The phantasmal warrior is moderately damaged.
The phantasmal warrior is struck by your spines.
The phantasmal warrior hits you!!
You die...

.≈≈≈≈≈≈≈........'.##.............
................#................
).#########'########.............
### #.# ######.####### ## #.###
#..###### .## #...# ##..÷...# R.#
#######'##### ######.# #'##
#...........# ########'# ...#
#.........@.# #......... .#.#
#........RW.######.........
.#.####...........#...)'.........
.####.'...........#.####.........
...#..#...........'.# #.........
##.'.##...........### #.........
...####...........# #.........
#### ############# ##########


You could see the friendly Wenzel the hexer and a phantasmal warrior.

Vanquished Creatures
  Jorgrun (D:13)
  A frost giant (IceCv)
  2 stone giants (D:12)
  Nessos (D:12)
  An ettin (Orc:2)
  A fire dragon (Lair:4)
  7 vault guards (D:13)
  6 hydras
  A catoblepas (D:15)
  3 centaur warriors
  A death yak (IceCv)
  A tengu warrior (D:12)
  A two-headed ogre (D:14)
  7 orc high priests (Orc:2)
  Urug (D:10)
  Sonja (Lair:4)
  3 unseen horrors
  3 torturous demonspawn (Orc:2)
  A wizard (D:12)
  A lindwurm (Lair:4)
  5 orc knights
  3 orc sorcerers (Orc:2)
  4 manticores
  A deep elf mage (D:14)
  6 ugly things
  8 cyclopes
  Maurice (D:12)
  6 elephants (Lair:6)
  A black mamba (shapeshifter) (D:15)
  4 black mambas
  An ice statue (IceCv)
  24 spiny frogs
  3 gargoyles
  A smoke demon (Orc:2)
  A freezing wraith (D:15)
  An efreet (D:12)
  14 rime drakes
  2 yaktaurs (D:15)
  An ice devil (Orc:2)
  A queen bee (D:13)
  6 komodo dragons
  A red devil (Orc:2)
  A tengu conjurer (D:12)
  3 meliai (D:13)
  3 tyrant leeches (Lair:6)
  A hornet (D:12)
  4 trolls
  18 polar bears
  13 blink frogs
  7 hippogriffs
  13 slime creatures
  3 dream sheep (Lair:6)
  A hippogriff (shapeshifter) (D:12)
  3 shadows
  A vampire (D:14)
  37 yaks
  A water elemental (D:11)
  A ynoxinul (Orc:2)
  A tarantella (Lair:4)
  2 wyverns
  A human (D:7)
  2 wraiths
  4 hogs
  11 vampire mosquitoes
  A basilisk (Lair:2)
  5 steam dragons
  2 hungry ghosts
  3 wargs
  10 water moccasins
  5 porcupines
  23 orc warriors
  3 phantoms
  A swamp drake (D:9)
  13 ice beasts
  A sky beast (D:7)
  2 necrophages
  An eye of draining (D:15)
  17 ogres
  32 wolves
  3 centaurs
  8 crocodiles
  6 big kobolds
  4 elf zombies (Ossuary)
  15 bullfrogs
  A water moccasin zombie (D:7)
  2 wyvern skeletons
  A water moccasin skeleton (D:4)
  34 killer bees
  4 howler monkeys
  14 wights
  6 electric eels
  8 crimson imps
  3 bullfrog zombies
  23 orc priests
  3 centaur zombies
  2 bullfrog skeletons
  12 hounds
  4 jellies
  5 iguanas
  4 centaur skeletons
  14 orc wizards
  11 worker ants
  A big kobold zombie (Ossuary)
  A hound skeleton (D:4)
  3 mummies (Ossuary)
  A howler monkey zombie (D:7)
  2 worker ant zombies
  Robin (D:2)
  6 gnolls
  11 adders
  4 shadow imps
  4 oozes
  2 adder skeletons
  4 adder zombies
  4 worms
  2 dart slugs
  6 leopard geckos
  97 orcs
  9 giant cockroaches
  A gnoll zombie (Ossuary)
  19 goblins
  11 hobgoblins
  12 jackals
  3 quokkas
  6 ball pythons
  8 bats
  11 frilled lizards
  4 goblin zombies (Ossuary)
  5 hobgoblin zombies (Ossuary)
  7 jackal zombies (Ossuary)
  47 kobolds
  2 kobold zombies (Ossuary)
  A leopard gecko skeleton (D:4)
  2 orc zombies (Ossuary)
  4 quokka zombies
  8 rats
  A rat zombie (Ossuary)
886 creatures vanquished.

Vanquished Creatures (collateral kills)
  Rupert (D:12)
  An orc warlord (Orc:2)
  A dire elephant (D:14)
  A vault guard (D:13)
  An orc high priest (Orc:2)
  An orc sorcerer (Orc:2)
  A manticore (D:11)
  A gargoyle (D:11)
  2 spiny frogs
  A rime drake (Lair:5)
  A yaktaur (D:15)
  2 polar bears (IceCv)
  A tyrant leech (Lair:6)
  3 dream sheep (Lair:6)
  A blink frog (Lair:2)
  A wyvern (Lair:6)
  A ynoxinul (Orc:2)
  4 yaks
  2 steam dragons (Lair:4)
  2 vampire mosquitoes
  A warg (Orc:2)
  A soldier ant (D:10)
  A porcupine (Lair:5)
  A water moccasin (Lair:1)
  An ice beast (D:13)
  6 orc warriors
  An ogre (D:9)
  2 wolves
  A centaur (D:9)
  2 crocodiles
  3 bullfrogs
  2 wights (D:7)
  A killer bee (D:13)
  A hound (D:11)
  A jelly (Lair:6)
  3 orc wizards
  6 orc priests
  An iguana (D:13)
  A shadow imp (D:9)
  6 orcs
  A goblin (D:14)
  8 kobolds
80 creatures vanquished.

Vanquished Creatures (others)
  An orc sorcerer (Orc:2)
  A rime drake (IceCv)
  A troll (Orc:2)
  A wyvern (D:13)
  A warg (Orc:2)
  2 orc warriors
  24 hexers
  An orc priest (D:12)
  3 ancestors
  A kobold (D:10)
  A bush (Lair:6)
  4 fungi
  37 plants
78 creatures vanquished.

Grand Total: 1044 creatures vanquished

Notes
Turn   | Place    | Note
-------+----------+-------------------------------------------
     0 | D:1      | Inarius the Demonspawn Assassin began the quest for the
                  | Orb.
     0 | D:1      | Reached XP level 1. HP: 16/16 MP: 1/1
   100 | D:1      | Reached skill level 1 in Dodging
   247 | D:1      | Gained mutation: You have a pair of small horns on your
                  | head. [demonic ancestry]
   247 | D:1      | Reached XP level 2. HP: 11/22 MP: 2/2
   545 | D:1      | Reached skill level 4 in Stealth
  1005 | D:2      | Gained mutation: Your flesh is cold resistant. (rC+)
                  | [demonic ancestry]
  1005 | D:2      | Reached XP level 3. HP: 27/27 MP: 3/3
  1781 | D:2      | Gained mutation: You are partially covered in sharp spines.
                  | [demonic ancestry]
  1781 | D:2      | Reached XP level 4. HP: 32/33 MP: 4/4
  1791 | D:2      | Found a deep blue altar of Sif Muna.
  1829 | D:2      | Noticed Robin
  1862 | D:2      | Killed Robin
  2223 | D:2      | Found a snail-covered altar of Cheibriados.
  2936 | D:3      | Noticed a phantom
  3007 | D:3      | Killed a phantom
  3007 | D:3      | Reached skill level 5 in Stealth
  3007 | D:3      | Reached XP level 5. HP: 13/39 MP: 5/5
  3362 | D:3      | Reached skill level 1 in Shields
  3599 | D:3      | Reached XP level 6. HP: 46/46 MP: 6/6
  3718 | D:4      | Found a sand-covered staircase.
  3727 | Ossuary  | Entered an ossuary
  4181 | Ossuary  | Reached XP level 7. HP: 33/52 MP: 7/7
  5373 | D:4      | Reached skill level 6 in Stealth
  5373 | D:4      | Gained mutation: You are mostly covered in sharp spines.
                  | [demonic ancestry]
  5373 | D:4      | Reached XP level 8. HP: 23/60 MP: 8/8
  5688 | D:5      | Entered Level 5 of the Dungeon
  5886 | D:5      | Found Pyzaynn's General Store.
  5900 | D:5      | Bought a potion of curing for 42 gold pieces
  5900 | D:5      | Bought a scroll of identify for 28 gold pieces
  6054 | D:5      | Found Ocarie Tidu's General Store.
  6059 | D:5      | Found Nuofuupt's Assorted Antiques.
  6142 | D:5      | Bought a golden potion for 24 gold pieces
  6365 | D:5      | Found Gukkoopp's Magic Scroll Shop.
  6389 | D:5      | Bought a scroll of teleportation for 39 gold pieces
  6389 | D:5      | Bought a scroll of magic mapping for 45 gold pieces
  6564 | D:5      | Reached skill level 5 in Short Blades
  6860 | D:6      | Found a bloodstained altar of Trog.
  6904 | D:6      | Found a transporter.
  6907 | D:6      | Found a transporter.
  6913 | D:6      | Found a sacrificial altar of Ru.
  7112 | D:6      | Reached skill level 7 in Stealth
  7112 | D:6      | Gained mutation: You are partially covered in molten
                  | scales. (AC +2) [demonic ancestry]
  7112 | D:6      | Reached XP level 9. HP: 59/65 MP: 9/9
  7827 | D:7      | Found a basalt altar of Yredelemnul.
  7962 | D:7      | Reached skill level 5 in Dodging
  8133 | D:7      | Found a staircase to the Ecumenical Temple.
  8149 | Temple   | Entered the Ecumenical Temple
  8173 | Temple   | Became a worshipper of Hepliaklqana the Forgotten
  8585 | D:7      | Reached skill level 8 in Stealth
  8594 | D:7      | Found a white marble altar of Elyvilon.
  8777 | D:7      | Reached skill level 5 in Fighting
  8841 | D:7      | Reached skill level 5 in Shields
  8867 | Temple   | Gained mutation: You are mostly covered in molten scales.
                  | (AC +3) [demonic ancestry]
  8867 | Temple   | Reached XP level 10. HP: 20/66 MP: 10/10
  9765 | D:8      | Found a hide-covered altar of Uskayaw.
  9990 | D:8      | Reached skill level 1 in Invocations
 10154 | D:8      | Reached * piety under Hepliaklqana
 11123 | D:9      | Reached skill level 9 in Stealth
 11563 | D:9      | Found an opulent altar of Gozag.
 11713 | D:9      | Found a staircase to the Orcish Mines.
 11903 | D:9      | Found a burning altar of Makhleb.
 11903 | D:9      | Found a glowing silver altar of Zin.
 11904 | D:9      | Noticed an angel
 11904 | D:9      | Noticed a cacodemon
 11968 | D:9      | Found a glowing silver altar of Zin.
 11969 | D:9      | Found a runed translucent door.
 11969 | D:9      | Noticed an angel
 12317 | D:10     | Entered Level 10 of the Dungeon
 12530 | D:10     | Noticed Urug
 12540 | D:10     | Killed Urug
 12540 | D:10     | Gained mutation: You are immune to freezing clouds.
                  | [demonic ancestry]
 12540 | D:10     | Reached XP level 11. HP: 53/72 MP: 13/13
 12707 | D:10     | Reached skill level 1 in Evocations
 13260 | D:11     | Found a runed translucent gate.
 13380 | D:11     | Reached skill level 10 in Stealth
 13489 | D:11     | Found a portal to a secret trove of treasure.
 13606 | D:11     | Found a flickering gateway to a bazaar.
 13619 | Bazaar   | Entered a bazaar
 13706 | Bazaar   | Found Bory Nie's Jewellery Emporium.
 13706 | Bazaar   | Found Lafezara's Book Shoppe.
 13713 | Bazaar   | Got a heavily runed garnet amulet
 13732 | Bazaar   | Bought an uncursed ring of poison resistance for 280 gold
                  | pieces
 14101 | D:11     | Found a staircase to the Lair.
 14149 | D:11     | Reached ** piety under Hepliaklqana
 14150 | D:11     | Remembered your ancestor Wenzel as a hexer
 14195 | D:11     | Found a runed translucent gate.
 14195 | D:11     | Found a runed translucent gate.
 14195 | D:11     | Noticed Arthanis's ghost (journeyman GrBe)
 14428 | Lair:1   | Entered Level 1 of the Lair of Beasts
 14431 | Lair:1   | Found a blossoming altar of Fedhas.
 14711 | Lair:1   | Identified the amulet of Ysaimargh {+Rage rF+ rC+ Str+4
                  | Int-2} (You found it in a bazaar)
 14780 | Lair:1   | Reached skill level 1 in Armour
 14841 | Lair:1   | Reached *** piety under Hepliaklqana
 15230 | Lair:1   | Noticed a five-headed hydra
 15243 | Lair:1   | Killed a five-headed hydra
 15301 | Lair:1   | Gained mutation: You have a pair of horns on your head.
                  | [demonic ancestry]
 15301 | Lair:1   | Reached XP level 12. HP: 64/80 MP: 14/14
 15415 | Lair:2   | Noticed an eight-headed hydra
 15445 | Lair:2   | Killed an eight-headed hydra
 15570 | Lair:2   | Found a runed translucent gate.
 15571 | Lair:2   | Found a runed translucent gate.
 15572 | Lair:2   | Found a runed translucent gate.
 16053 | Lair:2   | Noticed XanderDroid's ghost (journeyman MiBe)
 16055 | Lair:2   | Noticed a minotaur
 16440 | Lair:3   | You fall through a shaft for 2 floors!
 16447 | Lair:5   | Reached **** piety under Hepliaklqana
 16761 | Lair:3   | Found a staircase to the Shoals.
 17286 | Lair:4   | Noticed Sonja
 17293 | Lair:4   | Killed Sonja
 17298 | Lair:4   | Noticed a fire dragon
 17388 | Lair:3   | Reached skill level 11 in Stealth
 17488 | Lair:4   | Found a hole to the Spider Nest.
 17756 | Lair:4   | Reached skill level 10 in Short Blades
 18307 | Lair:4   | Killed a fire dragon
 18468 | Lair:4   | Reached skill level 5 in Invocations
 18513 | Lair:4   | Reached XP level 13. HP: 80/86 MP: 16/16
 19428 | Lair:5   | Reached ***** piety under Hepliaklqana
 19479 | Lair:5   | Found a runed translucent door.
 19480 | Lair:5   | Noticed Yroustr Jeul's ghost (journeyman MiBe)
 20489 | Lair:6   | Entered Level 6 of the Lair of Beasts
 21160 | Lair:6   | Reached skill level 5 in Evocations
 21165 | Lair:6   | Reached skill level 5 in Armour
 21614 | Lair:6   | Reached XP level 14. HP: 91/94 MP: 20/20
 21643 | Lair:6   | Found a staircase to the Slime Pits.
 21855 | Lair:6   | Reached skill level 12 in Stealth
 22316 | Lair:6   | Upgraded the game from 0.24-a0-176-gc3651c4 to
                  | 0.24-a0-179-g7a2c91a
 22524 | Orc:1    | Entered Level 1 of the Orcish Mines
 22534 | Orc:1    | Found Soptanul's Assorted Antiques.
 22938 | Orc:1    | Bought a scroll of identify for 50 gold pieces
 23186 | Orc:2    | Entered Level 2 of the Orcish Mines
 23837 | Orc:2    | Noticed an orc warlord
 23869 | Orc:2    | Killed an orc warlord
 24402 | Orc:2    | Found a roughly hewn altar of Beogh.
 24909 | Orc:2    | Found a staircase to the Elven Halls.
 25147 | Orc:2    | Found Qyaps's General Store.
 25170 | Orc:2    | Found Hynint's Magic Scroll Emporium.
 25692 | Orc:2    | Bought a potion of haste for 140 gold pieces
 26961 | Orc:2    | Paralysed by an orc sorcerer for 6 turns
 27350 | Orc:2    | Found Taxuh's Book Boutique.
 27350 | Orc:2    | Found a one-way gate leading to the halls of Pandemonium.
 27350 | Orc:2    | Found Deojytz's Antique Weapon Shop.
 27634 | Orc:2    | Bought a glowing rapier for 154 gold pieces
 27813 | Orc:2    | Bought a scroll of acquirement for 624 gold pieces
 27821 | Orc:2    | Bought a scroll of identify for 24 gold pieces
 27821 | Orc:2    | Bought a scroll of blinking for 90 gold pieces
 27821 | Orc:2    | Bought a scroll of teleportation for 36 gold pieces
 27821 | Orc:2    | Bought a scroll of teleportation for 36 gold pieces
 27821 | Orc:2    | Bought a scroll of enchant armour for 90 gold pieces
 27821 | Orc:2    | Bought a scroll of magic mapping for 42 gold pieces
 28051 | D:12     | Noticed Nessos
 28083 | D:12     | Killed Nessos
 28084 | D:12     | Noticed Rupert
 29301 | D:12     | Identified the ring of Ylonliej {Ice rElec Str-4 Dex+2}
 29318 | D:12     | Identified the Guide on Captivating Darkness
 29334 | D:12     | Identified the Papyrus of Unholy Arts and Translocation
 29714 | D:12     | Noticed Maurice
 29721 | D:12     | Killed Maurice
 30124 | D:12     | Noticed a stone giant
 30363 | D:13     | Found a frozen archway.
 30388 | D:13     | Gained mutation: You are completely covered in molten
                  | scales. (AC +4, rF+) [demonic ancestry]
 30388 | D:13     | Reached XP level 15. HP: 63/101 MP: 21/21
 30398 | IceCv    | Entered an ice cave
 31847 | IceCv    | Noticed a frost giant
 31859 | IceCv    | Killed a frost giant
 32012 | IceCv    | Got a shimmering granite ring
 32014 | IceCv    | Identified the ring of Vehumet's Esteem {-Tele Int+3 Dex+5}
                  | (You found it in an ice cave)
 32099 | D:13     | Reached ****** piety under Hepliaklqana
 32100 | D:13     | Noticed Jorgrun
 32140 | D:13     | Killed Jorgrun
 32648 | D:13     | Reached skill level 10 in Dodging
 33119 | D:13     | Found a gate to the Vaults.
 33842 | D:12     | Killed Rupert
 33980 | D:12     | HP: 2/103 [stone giant/large rock (45)]
 35417 | D:14     | Found a flagged portal.
 35442 | D:14     | Reached skill level 10 in Fighting
 35578 | Bailey   | Entered a bailey
 35934 | D:14     | Found a basalt altar of Yredelemnul.
 35992 | D:14     | Reached skill level 13 in Stealth
 36303 | D:15     | Entered Level 15 of the Dungeon
 36430 | D:15     | Reached XP level 16. HP: 109/109 MP: 22/22
 36622 | D:15     | Found a staircase to the Depths.
 37463 | D:14     | Slain by a phantasmal warrior

Levels and vault maps discovered:
D:1:      lightli_arrival_noodles, layout_loops_ring, columned_hall_lemuel
D:2:      layout_basic, nicolae_overflow_hidden_temple, led_sif_pool,
          first_ration, uniq_robin
D:3:      layout_rooms
D:4:      layout_loops_cross, enter_ossuary_1,
          eino_small_chamber_without_monster
D:5:      layout_layer_cave, serial_shops, nicolae_shop_waterfront, shop,
          nicolae_shop_waterfront, shop_fountains
D:6:      layout_rooms, bloody_trog, gammafunk_temple_overflow_arena,
          hangedman_decor_clover_reticule
D:7:      layout_gridville, kennysheep_ying_yang,
          minmay_temple_entry_drinking_statues, grunt_livestock,
          minmay_curled_crystal
D:8:      layout_loops_corners, eat_drink_and_be_merry_uskayaw
D:9:      layout_irregular_city, grunt_temple_overflow_order_and_chaos_2,
          nicolae_gozag_cash_rules_everything_around_me, erik_orc_1,
          lemuel_angel_altar
D:10:     layout_basic, uniq_urug
D:11:     layout_roguey, erik_lair_island, ebering_ghost_rock_garden,
          serial_shops, bzr_in_the_mist, trove_entry_hex_spiral
D:12:     minmay_expanding_squares, layout_loops_cross, minmay_pinched_square,
          uniq_nessos, uniq_rupert, uniq_maurice
D:13:     layout_cave_pools, erik_vaults_2, special_room [special_room_bee],
          portal_ice_cave_entry_ice_beasts, uniq_jorgrun
D:14:     layout_roguey, yredelemnul_altar_generic, enter_bailey_3
D:15:     hangedman_depths_entry_try_elsewhere_first, layout_loops_cross,
          minmay_tree_intersection
Temple:   minmay_temple_bridge_abc
Lair:1:   layout_gridlike, basic_altar
Lair:2:   layout_hall_layers, maelrawn_ghost_gauntlet_escape, minivault_23,
          wad_woods_river_03, lemuel_fruit_fields
Lair:3:   layout_chaotic_city, elwin_shoals_entry_rooms
Lair:4:   layout_big_grid, spider_nest_entry_rubble, bobbens_dragon_lair_wall,
          wad_woods_river_01, uniq_sonja
Lair:5:   layout_long_grid, gammafunk_ghost_grave, infiniplex_staircase_pool
Lair:6:   minmay_lair_end_frog_pond, layout_big_grid,
          minmay_slime_entry_pillars, gauntlet_entry_generic, serial_rivers,
          chequers_serial_rivers_marsh, chequers_serial_rivers_small_b,
          chequers_serial_rivers_small_b, chequers_serial_rivers_micro_d
Orc:1:    layout_caves, serial_shops, nicolae_shop_behind_doors
Orc:2:    pf_orc_diabolical, layout_diamond_mine, kennysheep_orc_chapel
Bazaar:   bazaar_mystics
Ossuary:  minmay_ossuary_two_tombs
Bailey:   bailey_axe_1, bailey
IceCv:    ice_cave_caverns_01

Skill      XL: |  1  2  3  4  5  6  7  8  9 10 11 12 13 14 15 |
---------------+----------------------------------------------+-----
Dodging        | 1 2 3 4 5 6 7 8 9 10 | 10.6
Short Blades   | 2 3 4 5 6 7 9 10 11 12 | 12.4
Stealth        | 4 5 6 7 8 9 10 11 12 13 | 13.2
Throwing       | 2 3 |  3.4
Shields        | 1 2 3 5 6 7 8 9 |  9.7
Fighting       | 3 4 5 6 7 8 9 10 | 10.2
Invocations    | 3 5 8 9 |  9.5
Evocations     | 3 4 5 7 8 |  8.9
Armour         | 1 3 5 7 |  7.4

Action                   |  1- 3 |  4- 6 |  7- 9 | 10-12 | 13-15 | 16-18 || total
-------------------------+-------+-------+-------+-------+-------+-------++-------
Melee: Dagger            |   131 |   219 |   458 |   312 |       |       ||  1120
       Headbutt          |    16 |    43 |   111 |   174 |   483 |    24 ||   851
       Short sword       |       |       |       |   497 |  1774 |    98 ||  2369
 Fire: Blowgun           |       |    15 |     4 |       |    31 |       ||    50
Invok: Recall Ancestor   |       |       |       |     3 |     3 |     1 ||     7
       Ancestor Life: He |       |       |       |     1 |       |       ||     1
       Transference      |       |       |       |       |       |     2 ||     2
       Idealise          |       |       |       |       |       |     1 ||     1
 Abil: Evoke Berserk Rag |       |       |       |     3 |    20 |       ||    23
Evoke: Wand              |       |       |       |    37 |    66 |     2 ||   105
       Sack of spiders   |       |       |       |       |     4 |       ||     4
  Use: Scroll            |       |     8 |     4 |     9 |    23 |       ||    44
       Potion            |       |       |     1 |     1 |    10 |       ||    12
 Stab: Sleeping          |     8 |    14 |    30 |    27 |    29 |    10 ||   118
       Distracted        |       |       |     1 |     5 |    18 |     1 ||    25
       Confused          |       |       |       |     3 |    10 |       ||    13
       Paralysed         |       |       |       |     1 |    14 |     2 ||    17
  Eat: Chunk             |     3 |     7 |    14 |    33 |    66 |     3 ||   126
       Ration            |       |       |     1 |       |     3 |       ||     4
Armor: Robe              |    32 |     3 |       |       |       |       ||    35
       Animal skin       |       |    13 |    35 |    31 |       |       ||    79
       Troll leather arm |       |       |       |    17 |       |       ||    17
       Steam dragon scal |       |       |       |     9 |   121 |    10 ||   140
       Fire dragon scale |       |       |       |     2 |   194 |       ||   196
Dodge: Dodged            |    76 |    61 |   157 |   291 |   746 |    37 ||  1368
Block: Other             |    22 |     8 |       |       |       |       ||    30
       Buckler           |       |    55 |   150 |   226 |   319 |       ||   750
       Reflection        |       |       |       |     3 |       |       ||     3
       Shield            |       |       |       |       |    87 |    32 ||   119

Table legend:
 A = Non-vault XP
 B = Vault XP
 C = Vault XP percentage of total XP
 D = Non-vault monster count
 E = Vault monster count
 F = Vault count percentage of total count
                 A         B        C        D         E       F
            +---------+---------+-------+---------+---------+-------
      Total |   69236 |   93658 |  57.5 |     580 |     390 |  40.2
            +---------+---------+-------+---------+---------+-------
        D:1 |      40 |       0 |   0.0 |      26 |       0 |   0.0
        D:2 |      70 |      37 |  34.6 |      25 |      12 |  32.4
        D:3 |     233 |       0 |   0.0 |      27 |       0 |   0.0
        D:4 |     480 |       0 |   0.0 |      19 |       0 |   0.0
        D:5 |     852 |       0 |   0.0 |      28 |       0 |   0.0
        D:6 |     735 |       0 |   0.0 |      14 |       0 |   0.0
        D:7 |    2022 |     574 |  22.1 |      53 |       3 |   5.4
        D:8 |    1612 |       0 |   0.0 |      31 |       0 |   0.0
        D:9 |    1450 |     572 |  28.3 |      25 |      17 |  40.5
       D:10 |    2232 |     835 |  27.2 |      31 |       1 |   3.1
       D:11 |    3337 |    4238 |  55.9 |      25 |      15 |  37.5
       D:12 |    1427 |   15785 |  91.7 |      17 |      28 |  62.2
       D:13 |    4218 |   14224 |  77.1 |      34 |      42 |  55.3
       D:14 |    7376 |    1241 |  14.4 |      25 |       5 |  16.7
       D:15 |    7850 |    1366 |  14.8 |      22 |       3 |  12.0
     Temple |       0 |     387 | 100.0 |       0 |       2 | 100.0
     Lair:1 |    5862 |       0 |   0.0 |      32 |       0 |   0.0
     Lair:2 |    4346 |       0 |   0.0 |      12 |       0 |   0.0
     Lair:3 |     796 |    1578 |  66.5 |       7 |       5 |  41.7
     Lair:4 |    2628 |    7636 |  74.4 |      12 |      22 |  64.7
     Lair:5 |    7577 |     188 |   2.4 |      26 |       1 |   3.7
     Lair:6 |    7768 |   12841 |  62.3 |      23 |      48 |  67.6
      Orc:1 |    1472 |       0 |   0.0 |      23 |       0 |   0.0
      Orc:2 |    4853 |   16866 |  77.7 |      43 |      63 |  59.4
    Ossuary |       0 |     574 | 100.0 |       0 |      38 | 100.0
     Bailey |       0 |    1097 | 100.0 |       0 |      32 | 100.0
      IceCv |       0 |   13619 | 100.0 |       0 |      53 | 100.0
            +---------+---------+-------+---------+---------+-------
